 Dungeon Crawl Stone Soup version 0.25-a0-558-g78a2afb0af (webtiles) character file.

Game seed: 3500000680633414630, levelgen mode: deterministic

376 Nixze the Chiller (level 6, -2/51 HPs)
             Began as a Draconian Ice Elementalist on Feb 25, 2020.
             Was an Initiate of Qazlal.
             Slain by an orc priest
             ... wielding a +2 war axe of flaming
              (4 damage)
             ... on level 5 of the Dungeon.
             The game lasted 00:06:43 (3964 turns).

Nixze the Chiller (Draconian Ice Elementalist)      Turns: 3964, Time: 00:06:44

Health: -2/51      AC:  6    Str: 10    XL:     6   Next: 44%
Magic:  19/20      EV: 12    Int: 17    God:    Qazlal [......]
Gold:   260        SH:  0    Dex: 12    Spells: 8/12 levels left

rFire    . . .     SeeInvis .   n - +1 dagger (venom)
rCold    . . .     Gourm    .   (no shield)
rNeg     . . .     Faith    .   (armour unavailable)
rPois    .         Spirit   .   (helmet restricted)
rElec    .         Reflect  .   (no cloak)
rCorr    .         Harm     .   (no gloves)
MR       .....                  (no boots)
Stlth    ++........             (no amulet)
HPRegen  0.17/turn              h - ring of magical power
MPRegen  0.17/turn              (no ring)

@: lethally poisoned (-2 -> -3)
A: unfitting armour, cold-blooded, AC +6
a: Renounce Religion


You were on level 5 of the Dungeon.
You worshipped Qazlal.
Qazlal was noncommittal.
You were hungry.

You visited 1 branch of the dungeon, and saw 5 of its levels.

You collected 260 gold pieces.

Inventory:

Hand Weapons
 n - a +1 dagger of venom (weapon)
Armour
 g - a +0 kite shield
Jewellery
 h - a ring of magical power (left hand)
Scrolls
 a - a scroll of amnesia {unknown}
 d - 2 scrolls of remove curse
 e - 5 scrolls of identify {unknown}
 f - 2 scrolls of teleportation {unknown}
 k - 2 scrolls of enchant weapon {unknown}
 m - 2 scrolls of noise {unknown}
Potions
 c - a potion of curing {unknown}
 i - a potion of berserk rage {unknown}
 l - 2 potions of invisibility {unknown}
Comestibles
 b - 5 rations


   Skills:
 + Level 3.5 Fighting
 - Level 1.7 Dodging
 - Level 1.7 Stealth
 * Level 2.5 Shields
 + Level 3.6 Spellcasting
 + Level 5.3 Ice Magic


You had 8 spell levels left.
You knew the following spells:

 Your Spells              Type           Power        Failure   Level  Hunger
a - Freeze                Ice            ###.         1%          1    None
b - Frozen Ramparts       Ice            ###...       5%          3    ###....

Your spell library contained the following spells:

 Spells                   Type           Power        Failure   Level  Hunger
 Ozocubu's Armour         Chrm/Ice       ##......     17%         3    ###....
 Hailstorm                Conj/Ice       ##......     50%         4    ####...
 Summon Ice Beast         Ice/Summ       ##......     50%         4    ####...


Dungeon Overview and Level Annotations

Branches:
Dungeon (5/15)
 Temple: D:4-7

Altars:
Cheibriados
Elyvilon
Qazlal
Ru


Innate Abilities, Weirdness & Mutations

Your plain brown scales are hard. (AC +6)
You cannot fit into any form of body armour.
You are cold-blooded and may be slowed by cold attacks.


Message History

You barely miss the orc priest.
You tail-slap the orc priest, but do no damage.
The orc priest is lightly wounded.
The orc priest hits you with a +2 war axe of flaming.
The orc priest burns you.
You barely miss the orc priest.
The orc priest is lightly wounded.
The orc priest hits you with a +2 war axe of flaming.
The orc priest burns you.
You hit the orc priest.
The orc priest is poisoned.
Your tail-slap misses the orc priest.
The orc priest is moderately wounded.
You feel sick.
The orc priest invokes the aid of Beogh against you.
Beogh smites you!
* * * LOW HITPOINT WARNING * * *
You hit the orc priest.
The orc priest looks even sicker.
The orc priest is heavily wounded.
The orc priest hits you with a +2 war axe of flaming.
You die...

#
.....
#. ...
#. ...
.....
.#.# #
..##.#
#†...#
#@#
#o#
#o#
#[#
#.#
#.#
#.#
#.#
..#


You could see 2 orc priests.

Vanquished Creatures
  An ogre (D:4)
  A scorpion (D:4)
  A howler monkey (D:4)
  An orc wizard (D:5)
  A worker ant (D:4)
  4 adders
  An ooze (D:1)
  3 worms
  3 dart slugs (D:3)
  5 leopard geckos
  9 orcs
  5 giant cockroaches
  9 goblins
  4 hobgoblins
  10 jackals
  8 kobolds
  4 quokkas
  7 bats
  4 frilled lizards
  A leopard gecko zombie (D:3)
  A quokka skeleton (D:4)
  7 rats
90 creatures vanquished.

Notes
Turn   | Place    | Note
-------+----------+-------------------------------------------
     0 | D:1      | Nixze the Draconian Ice Elementalist began the quest for
                  | the Orb.
     0 | D:1      | Reached XP level 1. HP: 14/14 MP: 3/3
   405 | D:1      | Reached skill level 1 in Fighting
   405 | D:1      | Reached XP level 2. HP: 23/23 MP: 1/5
   950 | D:1      | Reached XP level 3. HP: 28/28 MP: 6/6
  1218 | D:1      | Learned a level 3 spell: Frozen Ramparts
  1478 | D:2      | Found a white marble altar of Elyvilon.
  2101 | D:3      | Reached XP level 4. HP: 36/36 MP: 8/8
  2888 | D:3      | Found a sacrificial altar of Ru.
  3052 | D:3      | Found a stormy altar of Qazlal.
  3053 | D:3      | Found a snail-covered altar of Cheibriados.
  3228 | D:3      | Became a worshipper of Qazlal Stormbringer
  3354 | D:4      | Reached XP level 5. HP: 42/42 MP: 9/9
  3515 | D:4      | Noticed an ogre
  3519 | D:4      | Reached skill level 5 in Ice Magic
  3525 | D:4      | Killed an ogre
  3525 | D:4      | Reached skill level 1 in Shields
  3534 | D:4      | Reached XP level 6. HP: 35/51 MP: 7/11
  3950 | D:5      | Entered Level 5 of the Dungeon
  3963 | D:5      | HP: 1/51 [orc priest/divine providence (14)]
  3964 | D:5      | Slain by an orc priest

Levels and vault maps discovered:
D:1:      matt_arrival_los_fun, layout_loops_ring, minmay_misc_feat_tiny
D:2:      layout_loops_ring, lemuel_coloured_pillars_altar, first_ration
D:3:      layout_rooms, gammafunk_temple_overflow_pools, serial_bayou,
          serial_bayou_pond_c, serial_bayou_ford_a, serial_bayou_pond_b,
          serial_bayou_pond_d, lemuel_statue_altar
D:4:      layout_basic
D:5:      layout_basic, kennysheep_mini_moat, minmay_misc_feat_encased,
          uniq_blork_the_orc

Skill      XL: |  1  2  3  4  5  6 |
---------------+-------------------+-----
Fighting       | 1 2 3 |  3.5
Spellcasting   | 3 |  3.6
Ice Magic      | 5 |  5.3
Shields        | 1 2 |  2.5
Dodging        | |  1.7
Stealth        | |  1.7

Action                   |  1- 3 |  4- 6 || total
-------------------------+-------+-------++-------
Melee: Unarmed           |     4 |       ||     4
       Tailslap          |     2 |     3 ||     5
       Spear             |    29 |     8 ||    37
       Dagger            |       |    16 ||    16
 Cast: Freeze            |    58 |    55 ||   113
       Frozen Ramparts   |     1 |     6 ||     7
  Use: Scroll            |       |     1 ||     1
 Stab: Sleeping          |     3 |       ||     3
       Distracted        |       |     1 ||     1
  Eat: Chunk             |     4 |     6 ||    10
Armor: Skin              |    20 |    19 ||    39
Dodge: Dodged            |    39 |    36 ||    75

Table legend:
 A = Non-vault XP
 B = Vault XP
 C = Vault XP percentage of total XP
 D = Non-vault monster count
 E = Vault monster count
 F = Vault count percentage of total count
                 A         B        C        D         E       F
            +---------+---------+-------+---------+---------+-------
      Total |     532 |       6 |   1.1 |      87 |       3 |   3.3
            +---------+---------+-------+---------+---------+-------
        D:1 |      45 |       0 |   0.0 |      24 |       0 |   0.0
        D:2 |      44 |       0 |   0.0 |      21 |       0 |   0.0
        D:3 |      85 |       6 |   6.6 |      26 |       3 |  10.3
        D:4 |     303 |       0 |   0.0 |      12 |       0 |   0.0
        D:5 |      55 |       0 |   0.0 |       4 |       0 |   0.0
            +---------+---------+-------+---------+---------+-------
